 Dungeon Crawl Stone Soup version 0.29-a0-289-g2178c42546 (webtiles) character file.

Game seed: 11111335017909011871

21 Inarius the Ducker (level 2, -2/14 HPs)
             Began as a Felid Chaos Knight on Mar 17, 2022.
             Was a Plaything of Xom.
             Slain by a jackal (3 damage)
             ... on level 1 of the Dungeon.
             The game lasted 00:01:23 (764 turns).

Inarius the Ducker (Felid Chaos Knight)              Turns: 764, Time: 00:01:23

Health: -2/14      AC:  1    Str:  8    XL:     2   Next: 65%
Magic:  3/3        EV: 17    Int: 13    God:    Xom [.*....]
Gold:   30         SH:  0    Dex: 15    Spells: 1/1 levels left
                                        Lives:  0   Deaths: 0

rFire   . . .      SeeInvis +     - Unarmed
rCold   . . .      Faith    .   (shield unavailable)
rNeg    . . .      Spirit   .   (body armour unavailable)
rPois   .          Reflect  .   (helmet unavailable)
rElec   .          Harm     .   (cloak unavailable)
rCorr   +          Rampage  .   (gloves unavailable)
Will    .....                   (boots unavailable)
Stlth   ++........              (no amulet)
HPRegen 0.04/turn               b - ring of resist corrosion
MPRegen 0.08/turn               (no ring)

@: brilliant, quick
A: very small, claws 1, fangs 3, see invisible, speed 1, shaggy fur 1, stealthy
paws, no weapons or thrown items, no armour, multi-lived
a: Renounce Religion


You were on level 1 of the Dungeon.
You worshipped Xom.
You were a plaything of Xom.
You visited 1 branch of the dungeon, and saw 1 of its levels.

You collected 30 gold pieces.

Inventory:

Jewellery
 b - a ring of resist corrosion (left paw)
Scrolls
 d - a scroll of blinking {unknown}
 e - a scroll of teleportation {unknown}
Potions
 c - a potion of heal wounds {unknown}
Miscellaneous
 a - a piece from Xom's chessboard (15/15) (quivered)


   Skills:
 + Level 3.3 Fighting
 + Level 3.3 Dodging
 * Level 1.2 Stealth
 + Level 3.3 Unarmed Combat
 * Level 0.7 Evocations


You had one spell level left.
You didn't know any spells.
Your spell library was empty.

Dungeon Overview and Level Annotations

Branches:
Dungeon (1/15)

Altars:


Innate Abilities, Weirdness & Mutations

You have sharp claws.
You have razor-sharp teeth.
You have supernaturally acute eyesight. (SInv)
You cover ground quickly. (Speed+)
You are covered in fur. (AC +1)
Your paws help you pounce on unaware monsters.
You are incapable of wielding weapons or throwing items.
You cannot wear armour.
You gain extra lives every three experience levels.


Message History

The jackal misses you.
You barely miss the jackal. The jackal bites you.
You emit a cloud of colourful smoke!
You scratch the jackal.
The jackal is moderately wounded.
The jackal bites you but does no damage.
The jackal closely misses you.
You closely miss the jackal.
The jackal is lightly wounded.
The jackal barely misses you.
You closely miss the jackal. "This might be better!"
The goblin is moving more slowly.
The jackal barely misses you. x2
You closely miss the jackal. You claw the jackal.
The jackal is severely wounded.
The jackal bites you.
* * * LOW HITPOINT WARNING * * *
You closely miss the jackal.
The jackal is severely wounded.
The jackal misses you.
You completely miss the jackal. Your bite misses the jackal.
The jackal is severely wounded.
The jackal barely misses you. The jackal misses you.
You scratch the jackal.
You kill the jackal!
The goblin stops moving altogether!
Things that are here:
a jackal corpse; a jackal corpse; a jackal corpse The helpless goblin fails to defend itself.
You claw the goblin!
The goblin is severely wounded.
The helpless goblin fails to defend itself.
You claw the goblin!
You kill the goblin!
You scratch the jackal but do no damage.
The jackal bites you.
* * * LOW HITPOINT WARNING * * *
You scratch the jackal but do no damage.
The jackal bites you.
You die...

#..#........########..h...#
##..#..[...................+
...........#.#########.....#
.#...........# #.#.h...#
.......###.### ##'#h....#
..####.###.# #..h..#####
........##.# #..........
..####..##.########....###### ###
# #...#...ยงยงยง@h.....# #.. #
##.......####.....# #.. .
#####.##.#........######## #.. ##
#...........###.##.#.....# #.. .#
#.##...............#.##..# #.. .#
#.##............##.#.....# #.. .#
#.##......#...........#>.# #..
.###.###+##.........#....#..# #..
.........###................###..


You could see a jackal.

Vanquished Creatures
  A dart slug (D:1)
  3 endoplasms (D:1)
  A giant cockroach (D:1)
  A goblin (D:1)
  4 hobgoblins (D:1)
  3 jackals (D:1)
  A kobold (D:1)
  A ball python (D:1)
15 creatures vanquished.

Notes
Turn   | Place    | Note
-------+----------+-------------------------------------------
     0 | D:1      | Inarius the Felid Chaos Knight began the quest for the Orb.
     0 | D:1      | Reached XP level 1. HP: 10/10 MP: 2/2
     0 | D:1      | XOM: divination: detect creatures
     2 | D:1      | XOM: silly message
   148 | D:1      | XOM: butterfly on damage
   352 | D:1      | Reached XP level 2. HP: 11/14 MP: 3/3
   547 | D:1      | Found a faded altar of an unknown god.
   589 | D:1      | Reached skill level 1 in Stealth
   722 | D:1      | XOM: enchant monster (bad)
   736 | D:1      | XOM: potion effect (brilliance)
   752 | D:1      | XOM: smoke on damage
   755 | D:1      | XOM: enchant monster (good)
   764 | D:1      | Slain by a jackal

Illustrated notes

Levels and vault maps discovered:
D:1:      saegor_arrival_simple_c, layout_basic, ebering_ecumenical_altar_mist

Skill      XL: |  1  2 |
---------------+-------+-----
Stealth        | 1 |  1.2
Fighting       | |  3.3
Dodging        | |  3.3
Unarmed Combat | |  3.3
Evocations     | |  0.7

Action                   || total
-------------------------++-------
Melee: Unarmed           ||    49
       Bite              ||     5
       Punch             ||     2
 Stab: Petrified         ||     2
Armor: Skin              ||     2
Dodge: Dodged            ||    27

Table legend: (Time is in decaauts)
 A = Elapsed time spent in this place.
 B = Non-inter-level travel time spent in this place.
 C = Inter-level travel time spent in this place.
 D = Time resting spent in this place.
 E = Time spent auto-exploring this place.
 F = Levels seen in this place.
 G = Mean time per level.
                   A        B        C        D        E       F      G
               +--------+--------+--------+--------+--------+-----+--------+
         Total |    683 |    683 |      0 |    251 |    297 |   1 |  683.0 |
       Dungeon |    683 |    683 |      0 |    251 |    297 |   1 |  683.0 |
               +--------+--------+--------+--------+--------+-----+--------+

Top non-repeatable levels by time:
     D:1: 683 daAuts
